 Dungeon Crawl Stone Soup version 0.23-a0-180-ga5275e7 (webtiles) character file.

3384 nikopol the Thaumaturge (level 9, -25/46 HPs)
             Began as a Deep Elf Fire Elementalist on Sept 18, 2018.
             Was a Follower of Vehumet.
             Annihilated by a red ugly thing (30 damage)
             ... on level 7 of the Dungeon.
             The game lasted 00:28:04 (7571 turns).

nikopol the Thaumaturge (DEFE)                      Turns: 7571, Time: 00:28:05

Health: -25/46     AC:  6    Str:  5    XL:     9   Next: 74%
Magic:  24/25      EV: 14    Int: 24    God:    Vehumet [*.....]
Gold:   345        SH:  0    Dex: 15    Spells: 14/29 levels left

rFire    x . .     SeeInvis .   q - +1 dagger of Righteous Fury {freeze, +Blink rElec rF- MR+} (curse)
rCold    . . .     Gourm    .   (no shield)
rNeg     . . .     Faith    .   a - +0 robe
rPois    .         Spirit   .   s - +2 hat
rElec    +         Reflect  .   g - +0 cloak
rCorr    .         Harm     .   A - +0 pair of gloves (curse)
MR       +....                  (no boots)
Stlth    +++.......             (no amulet)
HPRegen  0.15/turn              (no ring)
MPRegen  0.19/turn              (no ring)

@: no status effects
A: no striking features
a: Renounce Religion, Evoke Blink


You were on level 7 of the Dungeon.
You worshipped Vehumet.
Vehumet was aware of your devotion.
You were not hungry.

You visited 2 branches of the dungeon, and saw 8 of its levels.

You collected 345 gold pieces.

Inventory:

Hand Weapons
 q - the cursed +1 dagger of Righteous Fury (weapon) {freeze, +Blink rElec rF- MR+}
   (You took it off an orc on level 3 of the Dungeon)

   It has been specially enchanted to freeze those struck by it, causing extra
   injury to most foes and up to half again as much damage against particularly
   susceptible opponents.
   It can also slow down cold-blooded creatures.
   It makes you vulnerable to fire.
   It insulates you from electricity.
   It affects your resistance to hostile enchantments.
   It lets you blink.
   It has a curse placed upon it.
Armour
 a - a +0 robe (worn)
 g - a +0 cloak (worn)
 s - a +2 hat (worn)
 A - a cursed +0 pair of gloves (worn)
Wands
 j - a wand of flame (15)
 k - a wand of polymorph (15)
 D - a wand of clouds (7)
Scrolls
 e - a scroll of enchant weapon {unknown}
 f - a scroll of magic mapping {unknown}
 h - 3 scrolls of enchant armour {unknown}
 i - 5 scrolls of fear {unknown}
 m - a scroll of blinking {unknown}
 n - 2 scrolls of teleportation {unknown}
 u - a scroll of random uselessness {unknown}
 w - 3 scrolls of remove curse {unknown}
 x - 2 scrolls of fog {unknown}
 y - a scroll of noise {unknown}
 B - 2 scrolls of amnesia {unknown}
 C - a scroll of brand weapon {unknown}
 E - a scroll of immolation {unknown}
 F - 2 scrolls of identify
Potions
 b - 3 potions of heal wounds
 d - 3 potions of curing
 l - 3 potions of lignification
 o - 3 potions of berserk rage
 p - 2 potions of might
 r - a potion of magic
 t - a potion of cancellation
 v - 4 potions of agility
 z - 2 potions of haste
Comestibles
 c - 8 rations
 G - a chunk of flesh


   Skills:
 + Level 0.7 Fighting
 + Level 3.4 Dodging
 + Level 4.9 Stealth
 + Level 10.9 Spellcasting
 + Level 8.0 Conjurations
 + Level 8.9 Fire Magic


You had 14 spell levels left.
You knew the following spells:

 Your Spells              Type           Power        Failure   Level  Hunger
a - Flame Tongue          Conj/Fire      #####        1%          1    None
b - Throw Flame           Conj/Fire      ######       1%          2    None
c - Conjure Flame         Conj/Fire      ######..     1%          3    None
d - Sticky Flame          Conj/Fire      ######..     1%          4    None
e - Fireball              Conj/Fire      ######....   4%          5    ####...

Your spell library contained the following spells:

 Spells                   Type           Power        Failure   Level  Hunger
 Sandblast                Erth           ##....       4%          1    None
 Inner Flame              Hex/Fire       ####....     2%          3    None


Dungeon Overview and Level Annotations

Branches:
Dungeon (7/15)             Temple (1/1) D:5

Altars:
Ashenzari
Cheibriados
Dithmenos
Hepliaklqana
Kikubaaqudgha
Makhleb
Nemelex Xobeh
Okawaru
Qazlal
Ru
Sif Muna
Uskayaw
Vehumet
Xom
Yredelemnul
Zin
The Shining One
Beogh

Shops:
D:5 (


Message History

Aim: a red ugly thing The sticky flame hits the red ugly thing.
The red ugly thing resists.
The red ugly thing is lightly wounded.
The red ugly thing tail-slaps you!
You are engulfed in flames!!
The fire burns you terribly!
* * * LOW HITPOINT WARNING * * *
The gnoll hits you but does no damage.
Found a potion of haste.
The red ugly thing misses you.
An orc comes into view. It is wielding a club.
The orc moves out of view.
You see here a potion of haste.
The orc shouts!
The orc hits you but does no damage. The red ugly thing tail-slaps you!
* * * LOW HITPOINT WARNING * * *
You are engulfed in flames!!
The fire burns you terribly!
Ouch! That really hurt!
You die...

.......#.......#.................
.......#.......#.................
.......#.....!.#............##...
.......#.......#............#####
####...###...{##...####.....##...
# #...###....##...####.....##...
#.....#...........#......'....
#.....#.....u.....#......##...
#.....#.....o@....#......###'#
#.....#...........#.........÷.
#.....#...........#...........
#.....#...........#.......†.†.
#..#######'###....##.....##...
###..####....###....#########...
#....................... .≈≈≈≈≈
#....................... ..≈##≈≈
#..........................≈####


You could see a red ugly thing and an orc.

Vanquished Creatures
  Sigmund (D:3)
  4 yaks (D:5)
  A hungry ghost (D:7)
  A water moccasin (D:7)
  An orc warrior (D:6)
  An ice beast (D:5)
  The ghost of CasualChangeling the Skirmisher, an amateur DrAK of Lugonu (D:3)
  A phantom (D:5)
  4 ogres
  A big kobold (D:5)
  A bullfrog (D:5)
  A gnoll sergeant (D:7)
  2 scorpions
  4 wights (D:7)
  An electric eel (D:7)
  2 howler monkeys
  2 centaur skeletons
  11 orc wizards
  A bullfrog skeleton (D:5)
  2 orc priests
  3 hounds
  6 worker ants
  Natasha (thrice) (D:3)
  3 iguanas
  A hound zombie (D:6)
  Robin (D:2)
  A howler monkey zombie (D:5)
  A howler monkey skeleton (D:4)
  5 adders
  6 gnolls (D:7)
  2 adder skeletons
  A worm (D:2)
  4 dart slugs
  3 leopard geckos
  22 orcs
  A ball python (D:7)
  8 giant cockroaches
  12 goblins
  12 hobgoblins
  9 jackals
  2 quokkas
  13 bats
  2 frilled lizards
  28 kobolds
  12 rats
204 creatures vanquished.

Vanquished Creatures (others)
  A plant (D:5)
1 creature vanquished.

Grand Total: 205 creatures vanquished

Notes
Turn   | Place    | Note
-------+----------+-------------------------------------------
     0 | D:1      | nikopol the Deep Elf Fire Elementalist began the quest for
                  | the Orb.
     0 | D:1      | Reached XP level 1. HP: 10/10 MP: 6/6
   156 | D:1      | Reached XP level 2. HP: 15/15 MP: 5/8
   524 | D:1      | Reached XP level 3. HP: 14/19 MP: 1/9
   967 | D:2      | Noticed Robin
  1126 | D:2      | Killed Robin
  1126 | D:2      | Reached skill level 4 in Spellcasting
  1336 | D:2      | Reached XP level 4. HP: 24/24 MP: 10/12
  1346 | D:2      | Learned a level 2 spell: Throw Flame
  1350 | D:2      | Learned a level 3 spell: Conjure Flame
  1679 | D:3      | Noticed Natasha
  1925 | D:3      | Killed Natasha
  1942 | D:3      | Reached skill level 5 in Fire Magic
  1942 | D:3      | Reached XP level 5. HP: 27/28 MP: 6/13
  2028 | D:3      | Noticed Natasha
  2040 | D:3      | Killed Natasha
  2364 | D:3      | Noticed Natasha
  2371 | D:3      | Killed Natasha
  2458 | D:3      | Found a runed gate.
  2458 | D:3      | Found a runed gate.
  2458 | D:3      | Found a runed gate.
  2460 | D:3      | Found a roughly hewn altar of Beogh.
  2461 | D:3      | Noticed CasualChangeling's ghost (amateur DrAK)
  2651 | D:3      | Killed CasualChangeling's ghost
  2651 | D:3      | Reached skill level 5 in Spellcasting
  2651 | D:3      | Reached XP level 6. HP: 23/32 MP: 1/15
  2814 | D:3      | Got a scorched dagger {freeze}
  2817 | D:3      | Identified the cursed +1 dagger of Righteous Fury {freeze,
                  | +Blink rElec rF- MR+} (You took it off an orc on level 3 of
                  | the Dungeon)
  2937 | D:3      | Noticed Sigmund
  2951 | D:3      | Killed Sigmund
  2957 | D:3      | Learned a level 4 spell: Sticky Flame
  3033 | D:4      | Reached skill level 6 in Spellcasting
  3033 | D:4      | Reached XP level 7. HP: 35/36 MP: 4/18
  3414 | D:4      | Reached skill level 7 in Spellcasting
  3841 | D:5      | Entered Level 5 of the Dungeon
  3841 | D:5      | Noticed a yak
  3841 | D:5      | Noticed a yak
  3841 | D:5      | Noticed a yak
  3841 | D:5      | Noticed a yak
  3888 | D:5      | Learned a level 5 spell: Fireball
  4260 | D:5      | Reached skill level 5 in Conjurations
  4260 | D:5      | Reached XP level 8. HP: 36/41 MP: 12/21
  4289 | D:5      | Reached skill level 8 in Spellcasting
  4754 | D:5      | Found a staircase to the Ecumenical Temple.
  4773 | Temple   | Entered the Ecumenical Temple
  4852 | Temple   | Became a worshipper of Vehumet
  4925 | D:5      | Reached skill level 9 in Spellcasting
  5195 | D:5      | Reached XP level 9. HP: 36/45 MP: 14/24
  5281 | D:5      | Found Gideecet's Antique Weapon Shoppe.
  5798 | D:6      | Found a sacrificial altar of Ru.
  6210 | D:6      | Reached skill level 10 in Spellcasting
  6265 | D:6      | Found a deep blue altar of Sif Muna.
  6739 | D:7      | Noticed a red ugly thing
  6857 | D:7      | Reached * piety under Vehumet
  6857 | D:7      | Offered knowledge of Sandblast by Vehumet.
  7571 | D:7      | Annihilated by a red ugly thing

Vault maps used:
D:1:      evilmike_arrival_home_sweet_home
D:2:      minmay_misc_feat_x, uniq_robin
D:3:      biasface_ghost_orc_armoury, st_stairs_14, uniq_sigmund, uniq_natasha
D:4:      serial_forest, infiniplex_forest_clump_long,
          infiniplex_forest_straight_2, infiniplex_forest_zigzag_2,
          infiniplex_forest_join, infiniplex_forest_clump_small,
          infiniplex_forest_straight_1, infiniplex_forest_join,
          infiniplex_forest_straight_3, infiniplex_forest_clump_cross,
          infiniplex_forest_clump_tiny, kennysheep_generic_room_6
D:5:      kennysheep_kobold_camp, temple_statues, first_ration, serial_shops,
          kennysheep_little_box, minmay_misc_feat_four_crosses
D:6:      kennysheep_orc_sif_temple, eino_tiny_chamber,
          nicolae_ru_sacrificial_ziggurat
D:7:      lightli_minifort
Temple:   regret_index_temple_chain_breaker

Skill      XL: |  1  2  3  4  5  6  7  8  9 |
---------------+----------------------------+-----
Fire Magic     | 4 5 6 8 |  8.9
Spellcasting   | 4 5 6 7 9 10 | 10.9
Conjurations   | 2 3 5 6 8 |  8.0
Stealth        | 3 4 |  4.9
Dodging        | 3 |  3.4
Fighting       | |  0.7

Action                   |  1- 3 |  4- 6 |  7- 9 || total
-------------------------+-------+-------+-------++-------
Melee: Dagger            |       |       |    11 ||    11
 Cast: Flame Tongue      |    88 |   126 |   234 ||   448
       Conjure Flame     |       |     4 |     5 ||     9
       Sticky Flame      |       |       |    30 ||    30
       Throw Flame       |       |       |     5 ||     5
       Fireball          |       |       |     7 ||     7
  Use: Scroll            |       |       |     7 ||     7
       Potion            |       |       |     1 ||     1
  Eat: Chunk             |     1 |     5 |    10 ||    16
       Ration            |       |       |     2 ||     2
Armor: Robe              |    15 |     9 |    24 ||    48
Dodge: Dodged            |    34 |    41 |    50 ||   125

Table legend:
 A = Non-vault XP
 B = Vault XP
 C = Vault XP percentage of total XP
 D = Non-vault monster count
 E = Vault monster count
 F = Vault count percentage of total count
                 A         B        C        D         E       F
            +---------+---------+-------+---------+---------+-------
      Total |    3870 |     965 |  20.0 |     155 |      49 |  24.0
            +---------+---------+-------+---------+---------+-------
        D:1 |      49 |       3 |   5.8 |      31 |       2 |   6.1
        D:2 |      44 |      32 |  42.1 |      15 |       9 |  37.5
        D:3 |     141 |     396 |  73.7 |      24 |       8 |  25.0
        D:4 |     561 |       0 |   0.0 |      21 |       0 |   0.0
        D:5 |    1497 |     123 |   7.6 |      25 |      21 |  45.7
        D:6 |     587 |     330 |  36.0 |      15 |       6 |  28.6
        D:7 |     991 |      81 |   7.6 |      24 |       3 |  11.1
            +---------+---------+-------+---------+---------+-------
